 Dungeon Crawl Stone Soup version 0.16-a0-3699-g1c51eb1 (console) character file.

230 mauris the Chopper (level 5, -9/38 HPs)
             Began as a Demonspawn Gladiator on Jan 19, 2015.
             Mangled by an ogre
             ... wielding a +0 giant club
              (12 damage)
             ... on level 4 of the Dungeon.
             The game lasted 00:13:13 (5180 turns).

mauris the Chopper (Demonspawn Gladiator)           Turns: 5180, Time: 00:13:13

Health: -9/38      AC:  8    Str: 16    XL:     5   Next: 72%
Magic:  5/5        EV:  7    Int: 11    God:
Gold:   108        SH:  0    Dex: 13    Spells: 0 memorised, 4 levels left

rFire  . . .     SeeInvis .     b - +1 war axe (elec)
rCold  . . .     Clarity  .     q - +0 chain mail
rNeg   . . .     SustAb   .     (no shield)
rPois  .         Gourm    .     (helmet restricted)
rElec  .         Spirit   .     (no cloak)
rCorr  .         Warding  .     (no gloves)
rMut   .         Stasis   .     (no boots)
MR     +....                    (no amulet)
Stlth  ..........               m - +1 ring of strength
                                j - ring of protection from magic

@: lethally poisoned, short of breath, slowed, very slow, somewhat resistant to
hostile enchantments, extremely unstealthy
A: horns 1, rot immunity
a: no special abilities


You were on level 4 of the Dungeon.
You were not hungry.

You visited 1 branch of the dungeon, and saw 4 of its levels.

You collected 108 gold pieces.

Inventory:

Hand weapons
 b - a +1 war axe of electrocution (weapon)
Armour
 q - a +0 chain mail (worn)
Jewellery
 j - a ring of protection from magic (left hand)
 m - a +1 ring of strength (right hand)
Scrolls
 c - a scroll of recharging {unknown}
Potions
 e - a potion of poison {unknown}
 k - a potion of lignification {unknown}
 o - a potion of ambrosia {unknown}
Comestibles
 a - 2 chunks of flesh
 f - 4 bread rations
 h - 2 meat rations
 i - 3 fruits


   Skills:
 - Level 2.2 Fighting
 + Level 5.7 Axes
 - Level 1.9 Throwing
 - Level 2.8 Dodging


You had 4 spell levels left.
You didn't know any spells.

Dungeon Overview and Level Annotations

Branches:
Dungeon (4/15)
 Temple: D:4-7

Altars:
Kikubaaqudgha
Trog


Innate Abilities, Weirdness & Mutations

You have a pair of small horns on your head.
You are immune to rotting.


Message History

You hit the giant frog skeleton.
* * * LOW HITPOINT WARNING * * *
You feel sick.
The giant frog skeleton hits you but does no damage.
The giant frog skeleton barely misses you.
Some of the chunks of flesh in your inventory have rotted away.
You are alive.
You are seriously poisoned (8 -> 1).
You are short of breath.
You are slowed.
Your movement speed is very slow.
Your attack speed is quite slow.
You are somewhat resistant to hostile enchantments.
You feel extremely unstealthy.
You barely miss the ogre. You headbutt the ogre.
The ogre is lightly wounded.
You hit the giant frog skeleton.
* * * LOW HITPOINT WARNING * * *
You feel sick. The giant frog skeleton hits you.
* * * LOW HITPOINT WARNING * * *
The giant frog skeleton barely misses you.
The ogre hits you with a giant club!
You die...

.###.## ...#...# ..8...8..
. ......# #.. #####
#....#####... ....##
#..........# .....#
#...(....# .....#
#....Z)..# .[...#
#....O1..# #....#
##....##....# #.##.#
#..##.# #....
#..#.######.###.# ..##
##.#.........##.#####....
.......................#.
............##...........#
.....>.........##.........
##..<.......#####.......##


You could see an ogre and a giant frog skeleton.

Vanquished Creatures
  An orc wizard (D:3)
  A worker ant (D:4)
  7 adders
  2 worms (D:2)
  2 giant geckos
  An ooze (D:4)
  11 orcs
  12 bats
  A bat skeleton (D:4)
  8 giant cockroaches
  11 hobgoblins
  4 jackals (D:2)
  A quokka (D:4)
  3 ball pythons
  6 giant newts
  8 goblins
  9 kobolds
  8 rats
96 creatures vanquished.

Notes
Turn   | Place    | Note
--------------------------------------------------------------
     0 | D:1      | mauris, the Demonspawn Gladiator, began the quest for the Orb.
     0 | D:1      | Reached XP level 1. HP: 16/16 MP: 1/1
    54 | D:1      | Gained mutation: You have a pair of small horns on your head. [demonic ancestry]
    54 | D:1      | Reached XP level 2. HP: 13/22 MP: 2/2
   194 | D:1      | Reached skill level 3 in Axes
   567 | D:1      | Reached XP level 3. HP: 18/27 MP: 3/3
  1888 | D:2      | Reached skill level 4 in Axes
  2126 | D:2      | Reached XP level 4. HP: 29/33 MP: 4/4
  2511 | D:2      | Found a bloodstained altar of Trog.
  3563 | D:3      | Found an ancient bone altar of Kikubaaqudgha.
  3602 | D:3      | Reached skill level 5 in Axes
  3639 | D:3      | Gained mutation: You are immune to rotting. [demonic ancestry]
  3639 | D:3      | Reached XP level 5. HP: 35/38 MP: 5/5
  4821 | D:4      | Noticed an ogre
  5173 | D:4      | Noticed a phantom
  5180 | D:4      | Mangled by an ogre

Action                   |  1- 3 |  4- 6 || total
-------------------------+-------+-------++-------
Melee: War axe           |   109 |   151 ||   260
Throw: Throwing net      |     2 |     3 ||     5
  Use: Scroll            |     2 |     3 ||     5
       Potion            |       |     3 ||     3
 Stab: Held in net/web   |     1 |     2 ||     3
       Sleeping          |     1 |       ||     1
  Eat: Chunk             |     4 |    10 ||    14

Vault maps used:
D:1:      dpeg_arrival_simpleton_a
D:2:      bloody_trog
D:3:      nicolae_overflow_crystal_walls, first_bread
D:4:      temple_green, st_stairs_9, minmay_misc_feat_four_crosses
